 Dungeon Crawl Stone Soup version 0.26.1-2-gb8aa6d0cf2 (webtiles) character file.

Game seed: 9776859151601011944

75 H0rd4k the Charlatan (level 4, 0/32 HPs)
             Began as a Human Artificer on Mar 23, 2021.
             Blown up by Ijyb (20 damage)
             ... with a disintegration bolt
             ... on level 3 of the Dungeon.
             The game lasted 00:02:37 (2732 turns).

H0rd4k the Charlatan (Human Artificer)              Turns: 2732, Time: 00:02:38

Health: 0/32       AC:  7    Str: 13    XL:     4   Next: 55%
Magic:  4/4        EV: 12    Int: 12    God:
Gold:   100        SH:  0    Dex: 13    Spells: 3/3 levels left

rFire    . . .     SeeInvis +   m - +0 long sword
rCold    . . .     Faith    .   (no shield)
rNeg     . . .     Spirit   .   b - +0 leather armour
rPois    .         Reflect  .   p - +1 helmet {SInv}
rElec    .         Harm     .   (no cloak)
rCorr    .         Rampage  .   q - +1 pair of gloves
Will     .....                  (no boots)
Stlth    ++........             (no amulet)
HPRegen  0.10/turn              (no ring)
MPRegen  0.09/turn              (no ring)

@: no status effects
A: no striking features
a: no special abilities


You were on level 3 of the Dungeon.
You visited 1 branch of the dungeon, and saw 3 of its levels.

You collected 100 gold pieces.

Inventory:

Hand Weapons
 a - a +0 club
 c - a +0 dagger
 m - a +0 long sword (weapon)
Missiles
 h - 13 poisoned darts
Armour
 b - a +0 leather armour (worn)
 p - a +1 helmet of see invisible (worn)
 q - a +1 pair of gloves (worn)
Jewellery
 l - an uncursed ring of see invisible {unknown}
 n - an uncursed ring of see invisible {unknown}
Wands
 d - a wand of enslavement (11)
 e - a wand of random effects (9)
Scrolls
 f - a scroll of fear {unknown}
 i - 2 scrolls of fog {unknown}
 j - 3 scrolls of identify {unknown}
 o - a scroll of enchant weapon {unknown}
Potions
 g - 3 potions of curing {unknown}
 k - a potion of berserk rage {unknown}


   Skills:
 + Level 1.3 Fighting
 + Level 0.3 Long Blades
 + Level 2.8 Armour
 + Level 1.9 Dodging
 + Level 1.7 Stealth
 + Level 3.6 Evocations


You had 3 spell levels left.
You didn't know any spells.
Your spell library was empty.

Dungeon Overview and Level Annotations

Branches:
Dungeon (3/15)

Altars:
Ashenzari
Ru
Trog
Xom

Annotations:
D:3 Ijyb


Message History

You feel sick.
Found a scroll labelled AHAEWIU YNTY.
The helpless Ijyb fails to defend herself.
You hit Ijyb.
Ijyb is lightly wounded.
The helpless Ijyb fails to defend herself.
You slash Ijyb!
Ijyb is heavily wounded.
You feel sick.
Ijyb seems less confused.
Ijyb is no longer paralysed.
Ijyb closely misses you. x2
You closely miss Ijyb.
Ijyb is heavily wounded.
Ijyb drinks a potion.
Ijyb is healed!
You miss Ijyb. Ijyb completely misses you. Ijyb hits you but does no damage.
You closely miss Ijyb.
You feel sick.
You are no longer poisoned.
Ijyb barely misses you. Ijyb hits you but does no damage.
You barely miss Ijyb.
Ijyb zaps a wand.
You are blasted!
Ouch! That really hurt!
You die...

#.........# #
##.........#.#
...........#.#
#...........
##..........
..........##
...........##
......g@....#
.#..........#
#........<##
#.........#
..........##
..##....... .
########. .. ?


You could see Ijyb (misshapen).

Vanquished Creatures
  3 adders
  A worm (D:2)
  3 dart slugs
  A giant cockroach (D:1)
  6 hobgoblins
  4 jackals
  A ball python (D:1)
  6 bats
  3 frilled lizards
  5 goblins
  A kobold (D:2)
  5 rats
39 creatures vanquished.

Vanquished Creatures (collateral kills)
  A worm (D:2)
1 creature vanquished.

Grand Total: 40 creatures vanquished

Notes
Turn   | Place    | Note
-------+----------+-------------------------------------------
     0 | D:1      | H0rd4k the Human Artificer began the quest for the Orb.
     0 | D:1      | Reached XP level 1. HP: 15/15 MP: 1/1
   130 | D:1      | Reached XP level 2. HP: 10/21 MP: 2/2
   916 | D:1      | Reached XP level 3. HP: 11/26 MP: 3/3
  1357 | D:2      | Found a sacrificial altar of Ru.
  1411 | D:2      | HP: 1/26 [jackal (1)]
  1731 | D:2      | Found a shimmering altar of Xom.
  2075 | D:2      | Found a broken altar of Ashenzari.
  2079 | D:2      | Reached XP level 4. HP: 32/32 MP: 4/4
  2311 | D:2      | Noticed a moth of wrath
  2314 | D:2      | Found a bloodstained altar of Trog.
  2711 | D:3      | Noticed Ijyb
  2732 | D:3      | Blown up by Ijyb

Illustrated notes

Levels and vault maps discovered:
D:1:      dpeg_arrival_connections, layout_rooms, minmay_misc_feat_four_crosses
D:2:      layout_basic, ashenzari_altar_1, tgw_trog, old_standard_altar,
          nicolae_ru_sacrificial_ziggurat
D:3:      layout_rooms, nicolae_overflow_crystal_walls, old_standard_altar,
          serial_forest, infiniplex_forest_3_way, infiniplex_forest_zigzag_2,
          infiniplex_forest_end_3, infiniplex_forest_straight_3,
          infiniplex_forest_straight_3, infiniplex_forest_3_way,
          infiniplex_forest_clump_long, uniq_ijyb

Action                   |  1- 3 |  4- 6 || total
-------------------------+-------+-------++-------
Melee: Club              |   106 |       ||   106
       Long sword        |    12 |    36 ||    48
       Dagger            |     5 |       ||     5
Evoke: Wand              |    15 |    10 ||    25
 Stab: Sleeping          |     3 |     1 ||     4
       Paralysed         |       |     2 ||     2
Armor: Leather armour    |    56 |    10 ||    66
Dodge: Dodged            |   107 |    32 ||   139
       Rpst.: Long sword |     1 |     8 ||     9
